 Dungeon Crawl Stone Soup version 0.27-a0-1206-g6342a01c75 (webtiles) character file.

Game seed: 2269276036966909032

4818 Glokmah the Carver (level 10, -6/90 HPs)
             Began as a Minotaur Brigand on June 5, 2021.
             Was a High Priest of Uskayaw.
             Mangled by a two-headed ogre
             ... wielding a +0 giant spiked club
              (8 damage)
             ... on level 9 of the Dungeon.
             The game lasted 00:16:06 (9862 turns).

Glokmah the Carver (Minotaur Brigand)               Turns: 9862, Time: 00:16:07

Health: -6/90      AC: 11    Str: 17    XL:     10   Next: 24%
Magic:  2/5        EV:  8    Int:  8    God:    Uskayaw [*****.]
Gold:   0          SH:  0    Dex: 14    Spells: 9/9 levels left

rFire    . . .     SeeInvis .   b - +8 long sword "Mosappown" {antimagic, Will+ Stlth+}
rCold    . . .     Faith    .   (no shield)
rNeg     . . .     Spirit   .   x - +1 chain mail {Will+}
rPois    .         Reflect  .   (helmet restricted)
rElec    .         Harm     .   C - +0 cloak
rCorr    .         Rampage  .   j - +0 pair of gloves
Will     ++...                  (no boots)
Stlth    ..........             (no amulet)
HPRegen  0.25/turn              (no ring)
MPRegen  0.09/turn              (no ring)

@: brilliant, about to teleport
A: horns 2, retaliatory headbutt
a: Renounce Religion, Stomp, Line Pass, Grand Finale


You were on level 9 of the Dungeon.
You worshipped Uskayaw.
Uskayaw was aware of your devotion.
You visited 2 branches of the dungeon, and saw 10 of its levels.

You collected 198 gold pieces.
You spent 198 gold pieces at shops.

Inventory:

Hand Weapons
 a - a +1 double sword of holy wrath
 b - the +8 long sword "Mosappown" (weapon) {antimagic, Will+ Stlth+}
   (You found it on level 4 of the Dungeon)

   It reduces the magical energy of the wielder, and disrupts the spells and
   magical abilities of those hit.
   Natural abilities and divine invocations are not affected.
   It increases your willpower.
   It makes you more stealthy.
 F - a +3 dagger of speed
Missiles
 d - 25 poisoned darts (quivered)
 e - 2 curare-tipped darts
 g - 6 silver javelins
 y - 5 silver boomerangs
 A - 13 javelins
Armour
 i - a scarf of harm
 j - a +0 pair of gloves (worn)
 x - a +1 chain mail of willpower (worn)
 C - a +0 cloak (worn)
Wands
 D - a wand of iceblast (39)
Scrolls
 f - 3 scrolls of identify
 h - a scroll of noise
 n - 4 scrolls of immolation
 p - a scroll of amnesia
 t - a scroll of teleportation
 w - a scroll of blinking
Potions
 k - 2 potions of flight
 m - a potion of mutation {unknown}
 r - a potion of degeneration {unknown}
 u - a potion of attraction {unknown}
 z - a potion of magic
 E - a potion of cancellation {unknown}


   Skills:
 + Level 8.5 Fighting
 - Level 3.3(6.2) Short Blades
 * Level 9.0(9.4) Long Blades
 - Level 4.5 Throwing
 + Level 1.4 Armour
 + Level 5.8 Dodging
 - Level 3.2 Stealth
 * Level 2.3 Shields
 * Level 8.0 Invocations


You had 9 spell levels left.
You didn't know any spells.
Your spell library contained the following spells:

 Spells                   Type           Power      Damage    Failure   Level
 Corona                   Hex            0%         N/A       100%        1
 Foxfire                  Conj/Fire      0%         2x1d4     100%        1
 Sting                    Tmut/Pois      0%         1d3       100%        1
 Summon Small Mammal      Summ           0%         N/A       100%        1
 Call Imp                 Summ           0%         N/A       100%        2
 Ensorcelled Hibernation  Hex/Ice        0%         N/A       100%        2
 Poisonous Vapours        Pois/Air       0%         N/A       100%        2
 Call Canine Familiar     Summ           0%         N/A       100%        3
 Confusing Touch          Hex            0%         N/A       100%        3
 Conjure Flame            Conj/Fire      0%         6-21      100%        3
 Dazzling Flash           Conj/Hex       0%         N/A       100%        3
 Ignite Poison            Fire/Tmut/Pois 0%         N/A       100%        3
 Inner Flame              Hex/Fire       0%         N/A       100%        3
 Mephitic Cloud           Conj/Pois/Air  0%         N/A       100%        3
 Summon Guardian Golem    Hex/Summ       0%         N/A       100%        3
 Tukima's Dance           Hex            0%         N/A       100%        3
 Animate Armour           Summ/Erth      0%         N/A       100%        4
 Olgreb's Toxic Radiance  Pois           0%         N/A       100%        4
 Sticky Flame             Conj/Fire      0%         2d3       100%        4
 Summon Ice Beast         Ice/Summ       0%         N/A       100%        4
 Summon Lightning Spire   Summ/Air       0%         N/A       100%        4
 Fireball                 Conj/Fire      0%         3d3       100%        5
 Summon Hydra             Summ           0%         N/A       100%        7


Dungeon Overview and Level Annotations

Branches:
Dungeon (9/15)             Temple (1/1) D:4
   Lair: D:8-11         Orc: D:9-12

Altars:
Ashenzari
Cheibriados
Dithmenos
Elyvilon
Fedhas
Gozag
Hepliaklqana
Kikubaaqudgha
Makhleb
Nemelex Xobeh
Okawaru
Qazlal
Ru
Sif Muna
Trog
Uskayaw
Wu Jian
Xom
Zin
The Shining One

Shops:
D:3 (   D:5 (*?[?


Innate Abilities, Weirdness & Mutations

You have a pair of horns on your head.
You reflexively headbutt those who attack you in melee.


Message History

You feel sick.
The two-headed ogre is no longer paralysed.
You slash something!
Reactivating autopickup.
You feel a bit more experienced.
* * * LOW HITPOINT WARNING * * *
You feel sick.
The wight is no longer paralysed.
Your life force feels restored.
Your Long Blades skill increases to level 9!
Your Shields skill increases to level 2!
Your Invocations skill increases to level 8!
Okay, then.
* * * LOW HITPOINT WARNING * * *
You feel sick.
Things that are here:
a +0 falchion; a +0 ring mail; an orc corpse It was a potion of brilliance.
You feel clever all of a sudden.
* * * LOW HITPOINT WARNING * * *
You feel sick.
Unknown command.
Okay, then.
Okay, then.
Blink to where?
Press: ? - help, Dir - move target
As you read the scroll of blinking, it crumbles to dust.
* * * LOW HITPOINT WARNING * * *
You feel sick.
Okay, then.
Okay, then.
* * * LOW HITPOINT WARNING * * *
You feel sick.
* * * LOW HITPOINT WARNING * * *
You feel sick.
You are no longer poisoned.
Uskayaw links your audience in an emotional bond!
As you read the scroll of teleportation, it crumbles to dust.
You feel strangely unstable.
The two-headed ogre hits you with a +0 giant spiked club!
You die...

......# .# ##
.....######.# ## #.
##.........#...
##.###))..........#
####..#...<))).[)..#
.#.........)))))...##
..........#..).)...#
##......O..........#
.......@.z............
##.......##...........
#.......##........###.
##########........#
##########


You could see a two-headed ogre (pain bonded) and a wight (pain bonded).

Vanquished Creatures
  Maurice (D:9)
  Eustachio (D:6)
  A wraith (D:6)
  A steam dragon (D:8)
  Duvessa (D:6)
  A black bear (D:5)
  3 ice beasts
  4 orc warriors
  5 sky beasts
  A necrophage (D:5)
  5 ogres
  2 bullfrogs
  Dowan (D:6)
  2 scorpions
  A wyvern skeleton (D:6)
  A water moccasin skeleton (D:5)
  6 killer bees
  7 wights
  3 howler monkeys (D:9)
  A crimson imp (D:6)
  A bullfrog zombie (D:5)
  2 centaur zombies
  4 jellies
  3 hounds (D:5)
  4 orc priests
  A bullfrog skeleton (D:6)
  A gnoll shaman (D:6)
  Jessica (D:2)
  5 iguanas
  11 orc wizards
  3 killer bee zombies
  A hound skeleton (D:5)
  A howler monkey zombie (D:7)
  7 adders
  3 gnolls (D:6)
  A shadow imp (D:8)
  A white imp (D:6)
  An ufetubus (D:5)
  2 worms (D:3)
  A dart slug (D:3)
  25 orcs
  4 endoplasms
  2 giant cockroaches (D:1)
  7 goblins
  6 hobgoblins
  8 jackals
  3 quokkas
  6 ball pythons
  7 bats
  10 kobolds
  3 rats
183 creatures vanquished.

Vanquished Creatures (others)
  3 plants (D:2)
3 creatures vanquished.

Grand Total: 186 creatures vanquished

Notes
Turn   | Place    | Note
-------+----------+-------------------------------------------
     0 | D:1      | Glokmah the Minotaur Brigand began the quest for the Orb.
     0 | D:1      | Reached XP level 1. HP: 18/18 MP: 0/0
   143 | D:1      | Reached XP level 2. HP: 24/25 MP: 1/1
   665 | D:2      | Reached XP level 3. HP: 29/31 MP: 2/2
  1111 | D:2      | Noticed Jessica
  1119 | D:2      | Killed Jessica
  1437 | D:2      | Reached XP level 4. HP: 26/41 MP: 3/3
  1778 | D:3      | Found Ygyigahip's Antique Weapon Boutique.
  2293 | D:4      | Noticed a scorpion
  2335 | D:4      | Noticed an ogre
  2353 | D:3      | Reached XP level 5. HP: 47/47 MP: 4/4
  2416 | D:4      | Reached skill level 5 in Fighting
  2428 | D:4      | Found a staircase to the Ecumenical Temple.
  2437 | Temple   | Entered the Ecumenical Temple
  2703 | Temple   | Became a worshipper of Uskayaw the Reveller
  2730 | D:4      | Reached * piety under Uskayaw
  2735 | D:4      | Reached ** piety under Uskayaw
  2843 | D:4      | Noticed an ogre
  2853 | D:4      | Killed an ogre
  2854 | D:4      | Reached skill level 1 in Invocations
  2854 | D:4      | Reached XP level 6. HP: 31/56 MP: 4/6
  3076 | D:4      | Identified the +8 long sword "Mosappown" {antimagic, Will+
                  | Stlth+}
  3101 | D:4      | Reached skill level 1 in Long Blades
  3272 | D:4      | Reached *** piety under Uskayaw
  3592 | D:5      | Entered Level 5 of the Dungeon
  3619 | D:5      | Found Mesm's Antique Armour Shoppe.
  3631 | D:5      | Reached skill level 2 in Long Blades
  3631 | D:5      | Reached XP level 7. HP: 25/62 MP: 2/8
  3846 | D:5      | Found Legeepn's Magic Scroll Shoppe.
  4162 | D:5      | Found Zifid's General Store.
  4172 | D:5      | Bought a +1 chain mail of willpower for 198 gold pieces
  4198 | D:5      | Reached skill level 3 in Long Blades
  4439 | D:5      | Reached **** piety under Uskayaw
  4442 | D:5      | Reached skill level 4 in Long Blades
  4442 | D:5      | Reached ***** piety under Uskayaw
  4443 | D:5      | Reached XP level 8. HP: 53/71 MP: 2/10
  4636 | D:5      | Reached skill level 5 in Long Blades
  4668 | D:5      | Found Zomiax Angi's Magic Scroll Emporium.
  4786 | D:5      | Reached skill level 5 in Invocations
  4829 | D:5      | Found Pammaeq's Weapon Emporium.
  5000 | D:5      | Identified the Compendium of Creation
  5035 | D:6      | Noticed Duvessa
  5035 | D:6      | Noticed Dowan
  5043 | D:6      | Killed Duvessa
  5047 | D:6      | Killed Dowan
  5239 | D:6      | Found a shimmering altar of Xom.
  5276 | D:6      | Found a broken altar of Ashenzari.
  5291 | D:6      | Reached skill level 6 in Long Blades
  5857 | D:6      | Reached XP level 9. HP: 70/79 MP: 4/12
  6165 | D:6      | Reached skill level 7 in Long Blades
  6251 | D:6      | Noticed Eustachio
  6258 | D:6      | Killed Eustachio
  6297 | D:6      | Found an ancient bone altar of Kikubaaqudgha.
  6934 | D:7      | Reached skill level 5 in Dodging
  7052 | D:7      | Found an opulent altar of Gozag.
  7157 | D:7      | Reached skill level 8 in Long Blades
  7501 | D:7      | Found a hazy altar of Hepliaklqana.
  7501 | D:7      | Found a shadowy altar of Dithmenos.
  7782 | D:7      | Found a white marble altar of Elyvilon.
  7782 | D:7      | Found a glowing golden altar of the Shining One.
  7783 | D:7      | Found a glowing silver altar of Zin.
  9584 | D:9      | Reached XP level 10. HP: 89/89 MP: 4/14
  9731 | D:9      | Reached skill level 1 in Shields
  9834 | D:9      | Reached skill level 1 in Armour
  9834 | D:9      | Noticed Maurice
  9848 | D:9      | HP: 4/87 [poisoned by Maurice]
  9849 | D:9      | Noticed a two-headed ogre
  9854 | D:9      | Killed Maurice
  9855 | D:9      | Reached skill level 9 in Long Blades
  9855 | D:9      | HP: 4/90 [poisoned by Maurice]
  9859 | D:9      | HP: 1/90 [poisoned by Maurice]
  9862 | D:9      | Mangled by a two-headed ogre

Illustrated notes

Levels and vault maps discovered:
D:1:      evilmike_arrival_fibonacci_small, layout_rooms
D:2:      layout_rooms, serial_forest, infiniplex_forest_clump_long,
          infiniplex_forest_pool, infiniplex_forest_fountain,
          infiniplex_forest_clump_curved, infiniplex_forest_end_3,
          infiniplex_forest_corner_1, infiniplex_forest_corner_1,
          infiniplex_forest_clump_tiny, minmay_hedge_maze, bh_walls_and_bars,
          uniq_jessica
D:3:      layout_rooms, serial_shops, nicolae_shop_stone
D:4:      minmay_clustersquares, layout_cave_pools,
          minmay_temple_entry_offerings
D:5:      minmay_opposing_rooms, layout_loops_ring, serial_shops, shop,
          nicolae_shop_window_shopping, shop, shop, shop
D:6:      layout_loops_ring, ashenzari_altar_1, kennysheep_mini_moat,
          marbit_many_paths, corexii_shack, minmay_fire_ice_demons,
          uniq_eustachio, uniq_duvessa
D:7:      layout_basic, riverfiend_overflow_shadow_ancestor, good_gods_temple_1,
          lemuel_crystal_altar, minmay_misc_feat_rows, grunt_decor_fettered,
          chequers_serial_rivers_micro_d
D:8:      layout_gridville
D:9:      layout_rooms, uniq_maurice
Temple:   minmay_temple_curvy_loop

Skill      XL: |  1  2  3  4  5  6  7  8  9 10 |
---------------+-------------------------------+-----
Fighting       | 3 4 5 6 7 8 |  8.5
Throwing       | 3 4 |  4.5
Invocations    | 1 2 4 6 7 8 |  8.0
Short Blades   | 3 |  3.3
Long Blades    | 2 4 6 8 9 |  9.0
Dodging        | 2 4 5 |  5.8
Shields        | 2 |  2.3
Armour         | 1 |  1.4
Stealth        | |  3.2

Action                   |  1- 3 |  4- 6 |  7- 9 | 10-12 || total
-------------------------+-------+-------+-------+-------++-------
Melee: Dagger            |    61 |   100 |    11 |       ||   172
       Headbutt          |    12 |    33 |    52 |    10 ||   107
       Long sword        |       |    26 |   196 |    39 ||   261
       Falchion          |       |       |    43 |       ||    43
Throw: Javelin           |     2 |       |       |       ||     2
       Dart              |     7 |    22 |    15 |       ||    44
Invok: Stomp             |       |       |     5 |     4 ||     9
  Use: Scroll            |       |       |    10 |     2 ||    12
       Potion            |       |       |       |     4 ||     4
 Stab: Sleeping          |     1 |       |       |       ||     1
       Paralysed         |       |       |     6 |     2 ||     8
Armor: Robe              |    24 |     3 |       |       ||    27
       Chain mail        |       |    51 |   145 |    46 ||   242
Dodge: Dodged            |    35 |    35 |    90 |    26 ||   186
       Rpst.: Long sword |       |     2 |    15 |     4 ||    21
       Falchion          |       |       |     4 |       ||     4

Table legend: (Time is in decaauts)
 A = Elapsed time spent in this place.
 B = Non-inter-level travel time spent in this place.
 C = Inter-level travel time spent in this place.
 D = Time resting spent in this place.
 E = Time spent auto-exploring this place.
 F = Levels seen in this place.
 G = Mean time per level.
                   A        B        C        D        E       F      G
               +--------+--------+--------+--------+--------+-----+--------+
         Total |   9824 |   9331 |    493 |    977 |   6822 |  10 |  982.4 |
       Dungeon |   9534 |   9110 |    424 |    977 |   6614 |   9 | 1059.3 |
        Temple |    289 |    220 |     69 |      0 |    208 |   1 |  289.0 |
               +--------+--------+--------+--------+--------+-----+--------+

Top non-repeatable levels by time:
     D:6: 1692 daAuts
     D:8: 1539 daAuts
     D:7: 1499 daAuts
     D:5: 1432 daAuts
     D:2: 946 daAuts
     D:4: 926 daAuts
     D:3: 818 daAuts
     D:1: 586 daAuts
  Temple: 289 daAuts
     D:9: 92 daAuts
